 Dungeon Crawl Stone Soup version 0.14-a0-181-gf6fe0c6 (webtiles) character file.

107 PolkaDot the Ruffian (level 3, -4/35 HPs)
             Began as a Troll Death Knight on Oct 6, 2013.
             Was a Follower of Yredelemnul.
             Slain by Crazy Yiuf
             ... wielding a +2,+4 quarterstaff of chaos
              (7 damage)
             ... on Level 2 of the Dungeon.
             The game lasted 00:04:12 (781 turns).

PolkaDot the Ruffian (Troll Death Knight)            Turns: 781, Time: 00:04:13

HP  -4/35        AC  5     Str 21      XL: 3   Next: 21%
MP   4/4         EV  9     Int 12      God: Yredelemnul [*.....]
Gold 70          SH  0     Dex 10      Spells:  0 memorised,  2 levels left

Res.Fire  : . . .   See Invis. : .     - Unarmed
Res.Cold  : . . .   Warding    : .   b - +0 robe
Life Prot.: + . .   Conserve   : .   (shield restricted)
Res.Poison: .       Res.Corr.  : .   (helmet restricted)
Res.Elec. : .       Clarity    : .   (no cloak)
Sust.Abil.: . .     Spirit.Shd : .   (gloves unavailable)
Res.Mut.  : .       Rnd.Telep. : +   (boots unavailable)
Res.Rott. : .       Flight     : .   (no amulet)
Gourmand  : +                        f - ring of positive energy {unknown}
                                     d - +2 ring of intelligence

@: brilliant, very slightly contaminated, hasted, very quick, not resistant to
hostile enchantments, unstealthy
A: unfitting armour, claws 3, fast metabolism 3, gourmand, regeneration 2,
saprovore 2, screaming 1, teleportitis 1, tough skin 2, AC +1, Int -2
a: Animate Remains, Renounce Religion


You were on level 2 of the Dungeon.
You worshipped Yredelemnul.
Yredelemnul was aware of your devotion.
You were completely stuffed.

You visited 1 branch of the dungeon, and saw 2 of its levels.

You collected 50 gold pieces.

Inventory:

Armour
 b - a +0 robe (worn)
Comestibles
 a - 4 meat rations
 g - a bread ration
 i - a rotting chunk of hobgoblin flesh
 j - a pear
 k - a rotting chunk of rat flesh
 m - a chunk of bat flesh
 o - 2 chunks of goblin flesh
Scrolls
 e - a scroll of curse weapon {unknown}
 r - a scroll of remove curse
 s - a scroll of fear
Jewellery
 d - a +2 ring of intelligence (left claw)
 f - a ring of positive energy (right claw) {unknown}
 n - an uncursed ring of protection from magic {unknown}
Potions
 h - a potion of brilliance


   Skills:
 * Level 2.3 Fighting
 + Level 1.5 Dodging
 * Level 2.7 Unarmed Combat
 - Level 2.4 Invocations


You had 2 spell levels left.
You didn't know any spells.

Dungeon Overview and Level Annotations

Branches:
Dungeon (2/27)

Altars:
the Shining One

Annotations:
D:2 Crazy Yiuf


Innate Abilities, Weirdness & Mutations

You are too large for most types of armour.
You have claws for hands.
Your metabolism is lightning-fast.
You like to eat raw meat.
You heal very quickly.
You can eat rotten meat.
You are covered in fur (AC +1).
You have very tough skin (AC +2).
You are dopey. (Int -2)
You occasionally shout uncontrollably.
Space occasionally distorts in your vicinity.


Message History

Your bat zombie misses Crazy Yiuf.
Your bat zombie hits Crazy Yiuf.
Drink which item? (? for menu, Esc to quit)
Okay, then.
Your bat zombie hits Crazy Yiuf but does no damage.
Crazy Yiuf cries, "Sif Muna!
Pitchfork ragdoll blue."
Your bat zombie misses Crazy Yiuf.
Read which item? (? for menu, Esc to quit)
As you read the scroll labeled PNUOLI SHRARGHO, it crumbles to dust.
Use on which item? (\ to view known items) (? for menu, Esc to quit)
Nothing appears to happen.
Your bat zombie hits Crazy Yiuf but does no damage.
Your bat zombie hits Crazy Yiuf.
Crazy Yiuf says, "Crazy?
Crazy!?
PORCUPINE!"
You claw Crazy Yiuf!
Crazy Yiuf is almost dead.
Your bat zombie closely misses Crazy Yiuf.
Your bat zombie hits Crazy Yiuf.
Crazy Yiuf hits you with a quarterstaff of chaos!
You die...
Your body rises from the dead as a mindless zombie.

.#.######z##
♣♣♣♣.♣♣♣
.#.z.zz.z..#
♣♣♣♣.♣♣
.###########
♣♣♣z♣♣♣ .#
♣♣♣z♣♣♣ ..
♣♣z♣♣♣ .##
##.##♣ ##
#.z.# #.g.#
#)@.# #####


You could see Crazy Yiuf (bleeding), a friendly bat zombie, a friendly adder
zombie, a friendly rat zombie and a friendly kobold zombie.

Vanquished Creatures
  An adder (D:2)
  3 giant cockroaches (D:1)
  5 goblins
  4 hobgoblins
  4 kobolds
  5 bats
  A giant newt (D:1)
  3 rats (D:1)
26 creatures vanquished.

Vanquished Creatures (collateral kills)
  A rat (D:2)
1 creature vanquished.

Grand Total: 27 creatures vanquished

Notes
Turn   | Place    | Note
--------------------------------------------------------------
     0 | D:1      | PolkaDot, the Troll Death Knight, began the quest for the Orb.
     0 | D:1      | Reached XP level 1. HP: 20/20 MP: 2/2
   111 | D:1      | Reached XP level 2. HP: 26/28 MP: 2/2
   352 | D:1      | Found a glowing golden altar of the Shining One.
   686 | D:2      | Reached XP level 3. HP: 30/35 MP: 2/4
   762 | D:2      | Noticed Crazy Yiuf
   767 | D:2      | Gained mutation: You are dopey. (Int -2) [potion of mutation]
   767 | D:2      | Gained mutation: Space occasionally distorts in your vicinity. [potion of mutation]
   767 | D:2      | Gained mutation: You occasionally shout uncontrollably. [potion of mutation]
   775 | D:2      | HP: 1/35 [Crazy Yiuf/quarterstaff of chaos (7)]
   781 | D:2      | Slain by Crazy Yiuf

Action                   || total
-------------------------++-------
Melee: Unarmed           ||    89
Invok: Animate Remains   ||     5
  Use: Scroll            ||     6
       Potion            ||     4
